 Dungeon Crawl Stone Soup version 0.30-b1-2-g02819fbbbe (webtiles) character file.

Game seed: 5139159343750802345

4 Alarkh the Vexing (level 1, 0/15 HPs)
             Began as a Demonspawn Hexslinger on July 7, 2023.
             Slain by a hobgoblin (3 damage)
             ... on level 1 of the Dungeon.
             The game lasted 00:00:09 (92 turns).

Alarkh the Vexing (Demonspawn Hexslinger)             Turns: 92, Time: 00:00:10

Health: 0/15       AC:  2    Str: 10    XL:     1   Next: 58%
Magic:  2/2        EV:  9    Int: 14    God:
Gold:   11         SH:  0    Dex: 13    Spells: 1/2 levels left

rFire   . . .        a - +1 sling
rCold   . . .        (no shield)
rNeg    . . .        c - +0 robe
rPois   .            (no helmet)
rElec   .            (no cloak)
rCorr   .            (no gloves)
SInv    .            (no boots)
Will    .....        (no amulet)
Stlth   +            (no ring)
HPRegen 0.22/turn    (no ring)
MPRegen 0.08/turn

%: no passive effects
@: constricted
A: no striking features
a: no special abilities


You were on level 1 of the Dungeon.
You visited 1 branch of the dungeon, and saw 1 of its levels.

You collected 11 gold pieces.

Inventory:

Hand Weapons
 a - a +1 sling (weapon)
Armour
 c - a +0 robe (worn)
Scrolls
 b - a scroll of poison
 d - a scroll of brand weapon {unknown}


   Skills:
 - Level 1.0 Fighting
 + Level 2.2 Ranged Weapons
 - Level 1.7 Dodging
 - Level 1.0 Spellcasting
 - Level 3.0 Hexes


You had one spell level left.
You knew the following spells:

 Your Spells              Type           Power      Damage    Failure   Level
a - Slow                  Hex            36%        N/A       8%          1

Your spell library contained the following spells:

 Spells                   Type           Power      Damage    Failure   Level
 Inner Flame              Hex/Fire       4%         N/A       38%         3
 Portal Projectile        Hex/Tloc       8%         N/A       38%         3
 Cause Fear               Hex            4%         N/A       58%         4


Dungeon Overview and Level Annotations

Branches:
Dungeon (1/15)

Altars:


Message History

You shoot a sling bullet.
The sling bullet hits the kobold but does no damage.
A rat comes into view.
The kobold throws a stone.
The stone barely misses you.
The kobold throws a stone.
The stone hits you.
The rat moves out of view.
You shoot a sling bullet.
The sling bullet barely misses the hobgoblin.
You shoot a sling bullet. The sling bullet hits the hobgoblin.
The hobgoblin is lightly wounded.
You shoot a sling bullet. The sling bullet hits the hobgoblin.
The hobgoblin is heavily wounded.
The hobgoblin misses you.
You shoot a sling bullet.
The sling bullet closely misses the hobgoblin.
The hobgoblin hits you. The ball python closely misses you.
The ball python barely misses you. The hobgoblin barely misses you.
You shoot a sling bullet.
The sling bullet closely misses the hobgoblin.
The ball python misses you. The ball python closely misses you.
The hobgoblin closely misses you. The ball python barely misses you.
The ball python grabs you. The ball python constricts you.
You shoot a sling bullet.
The sling bullet closely misses the ball python.
The sling bullet hits the rat.
You kill the rat!
The ball python closely misses you. The ball python constricts you.
The hobgoblin hits you but does no damage.
You shoot a sling bullet.
The sling bullet barely misses the ball python.
The ball python bites you. The ball python constricts you.
The hobgoblin hits you.
The ball python bites you but does no damage.
The ball python constricts you. The hobgoblin hits you.
* * * LOW HITPOINT WARNING * * *
The ball python's grasp on you weakens, but your attempt to escape fails.
The ball python bites you but does no damage.
The ball python constricts you.
* * * LOW HITPOINT WARNING * * *
The hobgoblin hits you.
You die...

#..[..........# ....
#.............. ....
#.............. .....
#.............. .....
#........####.. ......
#..............
......####........####.#
........................
.†....S@.....#....####.#
......g####.............
#.##... ......#..#.....
#.#. ##.......#....#
#.#. ......).#..... . #.
......####### . ##
......#⌠...⌠# .. #.....#
#.<(>.#


You could see a hobgoblin and a ball python.

Vanquished Creatures
  2 hobgoblins (D:1)
  A bat (D:1)
  A kobold (D:1)
  A rat (D:1)
5 creatures vanquished.

Notes
Turn   | Place    | Note
-------+----------+-------------------------------------------
     0 | D:1      | Alarkh the Demonspawn Hexslinger began the quest for the
                  | Orb.
     0 | D:1      | Reached XP level 1. HP: 15/15 MP: 2/2
    92 | D:1      | Slain by a hobgoblin

Illustrated notes

Levels and vault maps discovered:
D:1:      amcnicky_arrival_gap_in_the_tavern_cellar, layout_basic, serial_shops,
          nicolae_shop_overgrown_old_shop, nicolae_figureground_sparkle

Skill      XL: |  1 |
---------------+----+-----
Ranged Weapons | 2 |  2.2
Fighting       | |  1.0
Dodging        | |  1.7
Spellcasting   | |  1.0
Hexes          | |  3.0

Action                     || total
---------------------------++-------
   Fire: Sling             ||    21
 Armour: Robe              ||     7
  Dodge: Dodged            ||    11
